 Dungeon Crawl Stone Soup version 0.32-a0-996-gb3226c233f (webtiles) character file.

Game seed: 4741251381627833859

11034 packetloss the Grappler (level 11, -2/100 HPs)
             Began as a Troll Brigand on Apr 23, 2024.
             Was a High Priest of Okawaru.
             Killed by the air
             ... invoked by Gastronok
              (29 damage)
             ... on level 1 of the Lair of Beasts.
             The game lasted 00:37:17 (8628 turns).

packetloss the Grappler (Troll Brigand)             Turns: 8628, Time: 00:37:17

Health: -2/100     AC: 11    Str: 25    XL:     11   Next: 44%
Magic:  23/23      EV:  9    Int:  7    God:    Okawaru [*****.]
Gold:   579        SH:  0    Dex: 11    Spells: 10/10 levels left

rFire   . .          .
                       - Unarmed
rCold   . . .        (no shield)
rNeg    . . .        X - +0 swamp dragon scales
rPois   +            (helmet restricted)
rElec   .            G - +0 cloak {rCorr}
rCorr   +            (gloves unavailable)
SInv    +            (boots unavailable)
Will    .....        l - amulet of the acrobat
Stlth   ++           J - ring of magical power
HPRegen 1.16/turn    O - ring of see invisible
MPRegen 0.18/turn

%: acrobat
@: slowed, very slow
A: large, unfitting armour, claws 3, regeneration 1, shaggy fur 1, tough skin 1
a: Renounce Religion, Heroism, Finesse, Duel


You were on level 1 of the Lair of Beasts.
You worshipped Okawaru.
Okawaru was extremely pleased with you.
You visited 3 branches of the dungeon, and saw 12 of its levels.

You collected 579 gold pieces.

Inventory:

Missiles
 d - 25 poisoned darts
 e - 3 curare-tipped darts (quivered)
 f - 8 boomerangs
 g - 2 javelins
 k - a silver javelin
 p - 5 atropa-tipped darts
 q - 26 stones
 P - 4 throwing nets
Armour
 G - a +0 cloak of preservation (worn)
 R - an orb of guile
 X - +0 swamp dragon scales (worn)
Jewellery
 c - a +6 ring of dexterity
 l - an amulet of the acrobat (around neck)
 n - a ring of fire
 J - a ring of magical power (left claw)
 N - a ring of resist corrosion
 O - a ring of see invisible (right claw)
Talismans
 t - a maw talisman
 U - a dragon-blood talisman
 V - a blade talisman
Wands
 j - a wand of paralysis (2)
Scrolls
 h - 3 scrolls of blinking {unknown}
 i - a scroll of butterflies {unknown}
 m - a scroll of revelation
 r - a scroll of acquirement {unknown}
 B - 2 scrolls of fear
 H - a scroll of vulnerability {unknown}
 I - 2 scrolls of fog
 K - 5 scrolls of poison
 L - a scroll of immolation {unknown}
 M - 2 scrolls of teleportation {unknown}
 S - a scroll of enchant weapon {unknown}
Potions
 a - a potion of resistance
 b - 3 potions of brilliance {unknown}
 s - 2 potions of heal wounds
 v - a potion of invisibility {unknown}
 C - 3 potions of attraction
 F - a potion of ambrosia {unknown}
 Q - a potion of enlightenment {unknown}
 T - a potion of magic {unknown}
 W - 3 potions of curing


   Skills:
 + Level 4.1 Fighting
 - Level 1.5 Short Blades
 + Level 8.2 Throwing
 + Level 3.5 Armour
 + Level 3.6 Dodging
 + Level 3.5 Stealth
 * Level 11.7 Unarmed Combat
 + Level 5.6 Invocations


You had 10 spell levels left.
You didn't know any spells.
Your spell library contained the following spells:

 Spells                   Type           Power      Damage    Failure   Level
 Foxfire                  Conj/Fire      0%         2x1d4     56%         1
 Shock                    Conj/Air       0%         1d3       56%         1
 Inner Flame              Hex/Fire       0%         N/A       91%         3
 Swiftness                Air            0%         N/A       91%         3
 Airstrike                Air            0%         2d(0-16)  100%        4
 Dimensional Bullseye     Hex/Tloc       0%         N/A       100%        4
 Flame Wave               Conj/Fire      0%         2d4       100%        4
 Iskenderun's Mystic Bla Conj/Tloc 0%             2d3        (+2d1     100%        4
 Passage of Golubria      Tloc           0%         N/A       100%        4
 Sticky Flame             Fire/Alch      0%         2d4       100%        4
 Yara's Violent Unravell  Hex/Alch       0%         3d3       100%        5
 Plasma Beam              Fire/Air       0%         2x1d10    100%        6
 Starburst                Conj/Fire      0%         6d3       100%        6
 Tukima's Dance           Hex            Unusable   N/A       N/A         3

Dungeon Overview and Level Annotations

Branches:
Dungeon (10/15)            Temple (1/1) D:4            Lair (1/5) D:9
    Orc: D:9-12

Altars:
Ashenzari
Cheibriados
Dithmenos
Elyvilon
Fedhas
Gozag
Hepliaklqana
Kikubaaqudgha
Makhleb
Nemelex Xobeh
Okawaru
Qazlal
Ru
Sif Muna
Trog
Uskayaw
Vehumet
Wu Jian
Xom
Yredelemnul
Zin
The Shining One

Annotations:
D:3 2 transporters
D:4 2 transporters, peachesNpie's ghost, amateur MiBe
D:6 exclusion: electric eel
D:8 Erica
Lair:1 1 exclusion, Gastronok


Innate Abilities, Weirdness & Mutations

You are too large for most types of armour.
You have claws for hands.
Your natural rate of healing is unusually fast.
You are covered in fur. (AC +1)
You have tough skin. (AC +1)


Message History

Gastronok waves his eye-stalks in wide circles.
The air twists around and strikes you.
You mangle Gastronok!!
Gastronok is heavily wounded.
The rat bites you but does no damage.
The river rat bites you but does no damage.
You scratch Gastronok.
Gastronok is heavily wounded.
The rat completely misses you.
You mangle Gastronok!!
Gastronok is heavily wounded.
The river rat bites you but does no damage.
Gastronok bites you! The rat closely misses you.
You claw Gastronok!
Gastronok is severely wounded.
The river rat bites you but does no damage.
You mangle Gastronok!! You claw Gastronok.
Gastronok is almost dead.
The rat bites you but does no damage. The river rat closely misses you.
You scratch Gastronok but do no damage. You claw Gastronok, but do no damage.
Gastronok is almost dead.
The rat barely misses you. Gastronok looks at you while chanting.
You feel yourself slow down. The river rat bites you.
You scratch Gastronok but do no damage.
Gastronok is almost dead.
The rat barely misses you.
The river rat bites you but does no damage.
You scratch Gastronok.
Gastronok is almost dead.
The rat bites you but does no damage. The river rat bites you.
Gastronok bites you!!
You claw Gastronok!
Gastronok is almost dead.
The rat barely misses you. The river rat bites you.
* * * LOW HITPOINT WARNING * * *
Gastronok waves his eye-stalks in wide circles.
The air twists around and strikes you!!
You die...
Gastronok gurgles, "Time to dig in!"

......####P#.....########....#
............................##
.w..........................#
............................##
.............................#
.^........S.................##
.....#########(.............#
..... #rw########.##.# ....
#@r####P##..##.## ...
##..##.......##.P# ...
#...##.......#..P#
##............#.## ##
#..##........#.#
##PP#..####P#+.###.#
.........#####.##.#.#
.................<..#
.........รท..........#


You could see Gastronok (very poisoned), a river rat (summoned) and a rat
(summoned).

Vanquished Creatures
  2 two-headed ogres
  Maggie (D:8)
  A cane toad (Lair:1)
  A rime drake (D:9)
  2 komodo dragons (Lair:1)
  A polar bear (D:9)
  Grinder (D:6)
  2 hornets (D:10)
  A shadow (D:9)
  11 yaks
  Eustachio (D:5)
  Grum (Lair:1)
  A steam dragon (D:9)
  6 water moccasins
  2 orc warriors
  2 sky beasts
  6 ice beasts
  2 black bears
  4 ogres
  10 wolves
  A centaur (D:6)
  A phantom (D:7)
  2 kobold brigands (D:8)
  3 gnoll sergeants
  6 bullfrogs
  2 scorpions
  7 wights
  2 howler monkeys
  5 hounds
  2 bombardier beetles
  Crazy Yiuf (D:3)
  A gnoll bouda (D:4)
  5 orc priests
  3 jellies
  4 iguanas
  A sleepcap (D:7)
  14 orc wizards
  21 gnolls
  4 adders
  A white imp (D:8)
  A dart slug (D:1)
  A ribbon worm (D:10)
  28 orcs
  2 bats (D:1)
  7 endoplasms
  A giant cockroach (D:1)
  4 goblins
  8 hobgoblins
  4 jackals (D:3)
  20 kobolds
  5 quokkas
  7 ball pythons
  4 frilled lizards
  5 rats
241 creatures vanquished.

Notes
Turn   | Place    | Note
-------+----------+-------------------------------------------
     0 | D:1      | packetloss the Troll Brigand began the quest for the Orb.
     0 | D:1      | Reached XP level 1. HP: 19/19 MP: 0/0
    62 | D:1      | Reached skill level 2 in Throwing
   109 | D:1      | Reached skill level 1 in Unarmed Combat
   114 | D:1      | Reached XP level 2. HP: 27/27 MP: 1/1
   612 | D:1      | Reached XP level 3. HP: 31/33 MP: 2/2
   985 | D:2      | Reached skill level 2 in Unarmed Combat
  1659 | D:3      | Reached skill level 3 in Throwing
  1659 | D:3      | Reached XP level 4. HP: 21/41 MP: 3/3
  1701 | D:3      | Found a transporter.
  1795 | D:2      | Reached skill level 3 in Unarmed Combat
  1798 | D:2      | HP: 10/41 [burnt (4)]
  1800 | D:2      | HP: 4/41 [burnt (5)]
  1872 | D:3      | Noticed an ogre
  1877 | D:3      | Reached XP level 5. HP: 47/48 MP: 4/4
  2065 | D:3      | Found a transporter.
  2091 | D:3      | Noticed a black bear
  2112 | D:3      | Killed a black bear
  2113 | D:3      | Reached skill level 4 in Unarmed Combat
  2113 | D:3      | Reached XP level 6. HP: 25/55 MP: 5/5
  2223 | D:3      | Reached skill level 4 in Throwing
  2223 | D:3      | Reached skill level 5 in Unarmed Combat
  2298 | D:3      | Found a runed translucent door.
  2299 | D:3      | Identified a +0 cloak of preservation
  2299 | D:3      | Noticed Crazy Yiuf
  2306 | D:3      | Killed Crazy Yiuf
  2407 | D:4      | Noticed peachesNpie's ghost (amateur MiBe)
  2409 | D:4      | Found a transporter.
  2436 | D:4      | Found a hazy altar of Hepliaklqana.
  2502 | D:4      | Reached XP level 7. HP: 62/62 MP: 6/6
  2529 | D:4      | Found a staircase to the Ecumenical Temple.
  2558 | D:4      | Reached skill level 6 in Unarmed Combat
  2567 | Temple   | Entered the Ecumenical Temple
  2594 | Temple   | Became a worshipper of Warmaster Okawaru
  2799 | D:4      | Found a transporter.
  3141 | D:4      | HP: 15/62 [water moccasin (4)]
  3153 | D:4      | Reached skill level 5 in Throwing
  3172 | D:4      | Found a white marble altar of Elyvilon.
  3305 | D:5      | Entered Level 5 of the Dungeon
  3348 | D:5      | Noticed a two-headed ogre
  3467 | D:5      | Reached skill level 7 in Unarmed Combat
  3548 | D:5      | Reached * piety under Okawaru
  3549 | D:5      | Reached XP level 8. HP: 61/70 MP: 7/7
  3643 | D:5      | Killed a two-headed ogre
  3644 | D:5      | Reached skill level 6 in Throwing
  3644 | D:5      | Reached skill level 8 in Unarmed Combat
  3644 | D:5      | Reached skill level 2 in Invocations
  3729 | D:5      | Noticed Eustachio
  3743 | D:5      | Killed Eustachio
  3743 | D:5      | Reached ** piety under Okawaru
  3959 | D:5      | Found a sparkling altar of Nemelex Xobeh.
  4204 | D:6      | Reached skill level 9 in Unarmed Combat
  4204 | D:6      | Reached XP level 9. HP: 76/76 MP: 10/10
  4240 | D:6      | Reached skill level 3 in Invocations
  4509 | D:6      | Noticed Grinder
  4512 | D:6      | Paralysed by Grinder for 2 turns
  4525 | D:6      | Killed Grinder
  4965 | D:7      | Reached *** piety under Okawaru
  4987 | D:7      | Reached skill level 7 in Throwing
  4987 | D:7      | Reached skill level 10 in Unarmed Combat
  4987 | D:7      | Reached skill level 4 in Invocations
  5075 | D:7      | Reached skill level 1 in Dodging
  5330 | D:7      | Reached skill level 2 in Fighting
  5330 | D:7      | Reached skill level 1 in Armour
  5659 | D:8      | HP: 15/79 [orc wizard/puff of flame (6)]
  5725 | D:8      | Noticed Erica
  5840 | D:8      | Reached XP level 10. HP: 74/87 MP: 12/12
  5855 | D:8      | Noticed Maggie
  5862 | D:8      | Killed Maggie
  5862 | D:8      | Reached **** piety under Okawaru
  6188 | D:8      | Reached skill level 2 in Dodging
  6795 | D:9      | Reached skill level 2 in Armour
  6931 | D:9      | Reached skill level 3 in Fighting
  6958 | D:8      | HP: 15/91 [yak (12)]
  7028 | D:9      | Paralysed by a gnoll for 2 turns
  7056 | D:9      | Reached skill level 11 in Unarmed Combat
  7081 | D:9      | Reached skill level 3 in Stealth
  7081 | D:9      | Reached skill level 5 in Invocations
  7092 | D:9      | Reached ***** piety under Okawaru
  7106 | D:9      | Found a staircase to the Lair.
  7108 | D:9      | Noticed a two-headed ogre
  7601 | D:9      | HP: 12/91 [two-headed ogre/+0 giant club (11)]
  7603 | D:9      | Killed a two-headed ogre
  7604 | D:9      | Reached skill level 3 in Dodging
  7604 | D:9      | Reached XP level 11. HP: 15/97 MP: 13/13
  7721 | D:10     | Entered Level 10 of the Dungeon
  7749 | D:10     | Reached skill level 3 in Armour
  7953 | D:10     | Reached skill level 8 in Throwing
  8035 | D:10     | Found an opulent altar of Gozag.
  8037 | D:10     | Found an ornate altar of the Wu Jian Council.
  8113 | D:10     | Found a snail-covered altar of Cheibriados.
  8156 | D:10     | Found a burning altar of Makhleb.
  8269 | Lair:1   | Entered Level 1 of the Lair of Beasts
  8287 | Lair:1   | Received a gift from Okawaru
  8360 | Lair:1   | Reached skill level 4 in Fighting
  8412 | Lair:1   | Noticed Grum
  8437 | Lair:1   | HP: 25/100 [Grum/+1 glaive (21)]
  8439 | Lair:1   | Killed Grum
  8578 | Lair:1   | Noticed Gastronok
  8628 | Lair:1   | Killed from afar by Gastronok

Illustrated notes

Levels and vault maps discovered:
D:1:      shiori_arrival_elements, layout_rooms
D:2:      layout_loops_corners
D:3:      gammafunk_steamed_eel, layout_basic, uniq_crazy_yiuf_cottage
D:4:      layout_basic, amcnicky_altar_gilded, mainiacjoe_overflow_boulevard,
          minmay_temple_entry_junction_2, gammafunk_ghost_stat_death
D:5:      layout_basic, nemelex_xobeh_ov_fountains_minmay, serial_rivers,
          chequers_serial_rivers_micro_a, chequers_serial_rivers_micro_c,
          chequers_serial_rivers_micro_d, chequers_serial_rivers_room_b,
          minivault_23, nicolae_titane, uniq_eustachio
D:6:      layout_cave_pools, chequers_big_river, uniq_grinder
D:7:      layout_basic
D:8:      layout_loops_ring, serial_park_tiny_pond, hangedman_decor_points,
          uniq_erica, uniq_maggie
D:9:      layout_basic, hellmonk_lair_entry_icy, minmay_door_square
D:10:     layout_big_octagon, slow_altar_2, nicolae_overflow_hidden_temple,
          mainiacjoe_overflow_catwalk_spiral, serial_bayou_lake_a
Temple:   bh_familiar_temple
Lair:1:   layout_regular_city, st_stairs_4, beast_lair_carwin_6, uniq_grum,
          uniq_nergalle, uniq_gastronok

Skill      XL: |  1  2  3  4  5  6  7  8  9 10 11 |
---------------+----------------------------------+-----
Throwing       | 2 3 4 5 6 7 8 |  8.2
Unarmed Combat | 1 2 3 4 5 7 9 10 11 | 11.7
Invocations    | 2 4 5 |  5.6
Dodging        | 1 3 |  3.6
Fighting       | 2 3 4 |  4.1
Armour         | 1 2 3 |  3.5
Stealth        | 3 |  3.5
Short Blades   | |  1.5

Action                     |  1- 3 |  4- 6 |  7- 9 | 10-12 || total
---------------------------+-------+-------+-------+-------++-------
  Melee: Unarmed           |    91 |    84 |   238 |   323 ||   736
         Punch             |       |     3 |     6 |    20 ||    29
  Throw: Javelin           |       |     2 |       |       ||     2
         Dart              |       |     5 |    17 |    14 ||    36
         Stone             |       |       |    43 |     8 ||    51
 Invoke: Heroism           |       |       |     1 |     1 ||     2
  Evoke: Wand              |       |       |       |     1 ||     1
    Use: Potion            |       |       |     4 |       ||     4
         Scroll            |       |       |     4 |     2 ||     6
   Stab: Distracted        |     1 |       |       |       ||     1
         Sleeping          |     3 |     1 |     4 |     1 ||     9
         Invisible         |       |       |     2 |       ||     2
 Armour: Robe              |    51 |    61 |   145 |     2 ||   259
         Swamp dragon scal |       |       |       |   272 ||   272
  Dodge: Dodged            |    52 |    79 |   104 |   167 ||   402

Table legend: (Time is in decaauts)
 A = Elapsed time spent in this place.
 B = Non-inter-level travel time spent in this place.
 C = Inter-level travel time spent in this place.
 D = Time resting spent in this place.
 E = Time spent auto-exploring this place.
 F = Levels seen in this place.
 G = Mean time per level.
                   A        B        C        D        E       F      G
               +--------+--------+--------+--------+--------+-----+--------+
         Total |   8508 |   7660 |    848 |    381 |   2914 |  12 |  709.0 |
       Dungeon |   8112 |   7315 |    797 |    331 |   2914 |  10 |  811.2 |
        Temple |     53 |      2 |     51 |      0 |      0 |   1 |   53.0 |
          Lair |    342 |    342 |      0 |     50 |      0 |   1 |  342.0 |
               +--------+--------+--------+--------+--------+-----+--------+

Top non-repeatable levels by time:
     D:9: 1133 daAuts
     D:8: 1044 daAuts
     D:2: 1011 daAuts
     D:4: 873 daAuts
     D:6: 827 daAuts
     D:5: 742 daAuts
     D:1: 713 daAuts
     D:3: 690 daAuts
     D:7: 654 daAuts
    D:10: 420 daAuts
  Lair:1: 342 daAuts
  Temple: 53 daAuts
